 Dungeon Crawl Stone Soup version 0.28.0 (webtiles) character file.

Game seed: 15279246885951047114

669 zeram the Covert (level 7, 0/45 HPs)
             Began as an Octopode Brigand on Feb 10, 2022.
             Slain by a wight (13 damage)
             ... on level 4 of the Dungeon.
             The game lasted 00:04:36 (3613 turns).

zeram the Covert (Octopode Brigand)                 Turns: 3613, Time: 00:04:36

Health: 0/45       AC:  2    Str: 10    XL:     7   Next: 58%
Magic:  7/7        EV: 13    Int: 15    God:
Gold:   95         SH:  0    Dex: 14    Spells: 6/6 levels left

rFire   + . .      SeeInvis .   l - +4 dagger
rCold   . . .      Faith    .   (no shield)
rNeg    . . .      Spirit   .   n - +1 hat
rPois   .          Reflect  .   (no amulet)
rElec   .          Harm     .   g - ring of protection from fire
rCorr   .          Rampage  .   k - ring of wizardry
Will    .....                   (no ring)
Stlth   ++++++....              (no ring)
HPRegen 0.15/turn               (no ring)
MPRegen 0.10/turn               (no ring)
                                (no ring)
                                (no ring)

@: mighty
A: almost no armour, amphibious, 8 rings, camouflage 1, gelatinous body 1,
(nimble swimmer 1), tentacles
a: no special abilities


You were on level 4 of the Dungeon.
You visited 1 branch of the dungeon, and saw 4 of its levels.

You collected 95 gold pieces.

Inventory:

Hand Weapons
 a - a +2 dagger of freezing
 l - a +4 dagger (weapon)
 o - a +1 dagger of protection
Missiles
 b - 15 poisoned darts (quivered)
 c - 2 curare-tipped darts
 i - 6 boomerangs
Armour
 n - a +1 hat (worn)
Jewellery
 d - an amulet of faith
 g - a ring of protection from fire (left tentacle)
 h - a ring of positive energy
 k - a ring of wizardry (right tentacle)
Scrolls
 p - a scroll of identify
 q - a scroll of noise {unknown}
 s - a scroll of amnesia {unknown}
Potions
 f - a potion of mutation {unknown}
 j - a potion of curing
 m - a potion of brilliance
 r - a potion of attraction {unknown}


   Skills:
 - Level 2.0 Fighting
 + Level 3.6 Short Blades
 - Level 2.0 Throwing
 + Level 1.6 Dodging
 + Level 11.5 Stealth


You had 6 spell levels left.
You didn't know any spells.
Your spell library contained the following spells:

 Spells                   Type           Power      Damage    Failure   Level
 Sandblast                Erth           0%         2d4       11%         1
 Passwall                 Tmut/Erth      0%         N/A       16%         2
 Call Canine Familiar     Summ           0%         N/A       32%         3
 Gell's Gravitas          Tloc           0%         N/A       32%         3
 Portal Projectile        Hex/Tloc       0%         N/A       32%         3
 Stone Arrow              Conj/Erth      0%         3d7       32%         3
 Teleport Other           Tloc           0%         N/A       32%         3
 Leda's Liquefaction      Hex/Erth       0%         N/A       69%         4
 Dispersal                Tloc           0%         N/A       100%        6


Dungeon Overview and Level Annotations

Branches:
Dungeon (4/15)
 Temple: D:4-7

Altars:

Shops:
D:2 ?


Innate Abilities, Weirdness & Mutations

You cannot wear most types of armour.
You are amphibious.
You can wear up to eight rings at the same time.
Your skin changes colour to match your surroundings (Stealth+).
Your rubbery body absorbs attacks. (AC +1, EV +1)
((You are camouflaged when in or above water. (Stealth+)))
You have tentacles for arms and can constrict up to eight enemies at once.


Message History

The ogre is lightly wounded.
A wight comes into view. It is wielding a +0 halberd.
The ogre misses you.
You feel very mighty all of a sudden.
You barely miss the wight. You grab the wight.
You constrict the wight, but do no damage.
The wight hits you with a +0 scimitar!
You puncture the wight! You squeeze the wight.
The wight is severely damaged.
You constrict the wight. The wight hits you with a +0 scimitar!
You puncture the wight!
You destroy the wight!
Your Stealth skill increases to level 11!
You hit the wight. Your grab misses the wight.
The wight is lightly damaged.
The wight hits you with a +0 dagger!
You feel drained.
You hit the wight but do no damage. You grab the wight.
The wight is lightly damaged.
You constrict the wight, but do no damage.
The wight hits you with a +0 dagger.
* * * LOW HITPOINT WARNING * * *
You feel drained.
You hit the wight.
The wight is moderately damaged.
You constrict the wight, but do no damage.
You puncture the wight!
The wight is severely damaged.
You constrict the wight, but do no damage.
The wight hits you but does no damage.
You hit the wight.
You destroy the wight!
You barely miss the ogre.
The ogre is lightly wounded.
The ogre misses you.
You puncture the ogre! You squeeze the ogre!
You kill the ogre!
The wight closely misses you.
Your life force feels restored.
The wight hits you with a +0 halberd!
You die...

#..[..... #.......#
#.......# #.......
#.....# #.....##.#
#.......# #z# #@# #.#
#.# ##.## .. #...# .
###...### ...
#.......# #.########
#.......####........#
#.......#........##.#


You could see a wight.

Vanquished Creatures
  A steam dragon (D:3)
  2 ogres
  2 wights (D:4)
  A howler monkey (D:4)
  An iguana (D:4)
  2 orc wizards
  4 adders
  3 gnolls (D:2)
  A howler monkey skeleton (D:4)
  2 worms
  2 dart slugs
  4 orcs
  12 endoplasms
  3 giant cockroaches
  8 goblins
  6 hobgoblins
  8 kobolds
  5 quokkas
  3 ball pythons
  6 bats
  5 frilled lizards
  3 rats
84 creatures vanquished.

Notes
Turn   | Place    | Note
-------+----------+-------------------------------------------
     0 | D:1      | zeram the Octopode Brigand began the quest for the Orb.
     0 | D:1      | Reached XP level 1. HP: 14/14 MP: 1/1
    64 | D:1      | Reached XP level 2. HP: 19/19 MP: 2/2
   109 | D:1      | Reached skill level 6 in Stealth
   414 | D:1      | Reached XP level 3. HP: 14/24 MP: 3/3
   941 | D:2      | Reached skill level 7 in Stealth
   943 | D:2      | Reached XP level 4. HP: 29/29 MP: 4/4
  1260 | D:2      | Found Umoutaiq's Magic Scroll Emporium.
  1606 | D:2      | Found a faded altar of an unknown god.
  1975 | D:3      | Noticed a steam dragon
  2011 | D:3      | Reached skill level 8 in Stealth
  2019 | D:3      | Killed a steam dragon
  2020 | D:3      | Reached skill level 9 in Stealth
  2020 | D:3      | Reached XP level 5. HP: 34/34 MP: 5/5
  2020 | D:3      | Reached XP level 6. HP: 39/39 MP: 6/6
  2245 | D:3      | Reached skill level 10 in Stealth
  3299 | D:4      | Reached XP level 7. HP: 45/45 MP: 7/7
  3606 | D:4      | Reached skill level 11 in Stealth
  3613 | D:4      | Slain by a wight

Illustrated notes

Levels and vault maps discovered:
D:1:      enne_arrival_octagon_isle, layout_loops_ring
D:2:      layout_basic, serial_shops, shop, ebering_ecumenical_altar_hall
D:3:      layout_basic, minmay_unequal
D:4:      layout_loops_cross, chequers_avenue

Skill      XL: |  1  2  3  4  5  6  7 |
---------------+----------------------+-----
Stealth        | 6 7 9 10 11 | 11.5
Short Blades   | 3 |  3.6
Fighting       | |  2.0
Throwing       | |  2.0
Dodging        | |  1.6

Action                   |  1- 3 |  4- 6 |  7- 9 || total
-------------------------+-------+-------+-------++-------
Melee: Dagger            |    39 |    76 |    27 ||   142
       Tentacles         |     6 |     8 |     7 ||    21
       Constrict         |     7 |     9 |     4 ||    20
       Punch             |     1 |       |       ||     1
  Use: Scroll            |       |    10 |     1 ||    11
       Potion            |       |     1 |     1 ||     2
 Stab: Sleeping          |    16 |    22 |     6 ||    44
Armor: Skin              |     3 |     2 |     2 ||     7
Dodge: Dodged            |    17 |    29 |     7 ||    53
